 Dungeon Crawl Stone Soup version 0.17.1-3-g152610e (webtiles) character file.

78 kaze the Sneak (level 4, -4/23 HPs)
             Began as a Spriggan Assassin on Apr 6, 2016.
             Slain by a gnoll
             ... wielding a +0 spear
              (8 damage)
             ... on level 2 of the Dungeon.
             The game lasted 00:04:10 (1315 turns).

kaze the Sneak (Spriggan Assassin)                  Turns: 1315, Time: 00:04:11

Health: -4/23      AC:  3    Str:  7    XL:     4   Next: 15%
Magic:  5/5        EV: 17    Int: 12    God:
Gold:   63         SH:  0    Dex: 18    Spells: 0 memorised, 3 levels left

rFire  . . .     SeeInvis +     a - +2 dagger
rCold  . . .     Clarity  .     c - +0 robe
rNeg   . . .     SustAt   .     (shield restricted)
rPois  .         Gourm    .     (helmet restricted)
rElec  .         Spirit   .     d - +0 cloak
rCorr  .         Warding  .     (gloves unavailable)
rMut   .         Stasis   .     (boots unavailable)
MR     .....                    (no amulet)
Stlth  ++++......               (no ring)
                                (no ring)

@: very quick, not resistant to hostile enchantments, stealthy
A: unfitting armour, see invisible, herbivore 3, speed 3, slow metabolism 2
a: no special abilities


You were on level 2 of the Dungeon.
You were not hungry.

You visited 1 branch of the dungeon, and saw 2 of its levels.

You collected 63 gold pieces.

Inventory:

Hand Weapons
 a - a +2 dagger (weapon)
 b - a +0 blowgun
Missiles
 f - 2 curare-tipped needles
Armour
 c - a +0 robe (worn)
 d - a +0 cloak (worn)
Scrolls
 k - 2 scrolls of teleportation {unknown}
 m - 2 scrolls of identify {unknown}
 n - a scroll of blinking {unknown}
 o - a scroll of amnesia {unknown}
Potions
 h - 2 potions of curing {unknown}
 j - a potion of brilliance {unknown}
 l - a potion of resistance {unknown}
Comestibles
 g - 4 bread rations
 i - a royal jelly


   Skills:
 + Level 1.9 Fighting
 + Level 2.3 Short Blades
 + Level 2.3 Throwing
 + Level 2.2 Dodging
 * Level 7.8 Stealth


You had 3 spell levels left.
You didn't know any spells.

Dungeon Overview and Level Annotations

Branches:
Dungeon (2/15)

Altars:
Yredelemnul


Innate Abilities, Weirdness & Mutations

You are tiny and cannot use many weapons and most armour.
You have supernaturally acute eyesight.
You are a herbivore.
You cover ground extremely quickly.
You need consume almost no food.


Message History

Press: ? - help, Shift-Dir - straight line, f - gnoll
Aim: a gnoll, wielding a spear You shoot a poisoned needle.
The poisoned needle hits the gnoll!
The gnoll is poisoned.
There is a basalt altar of Yredelemnul here.
You see here a poisoned needle.
e - a poisoned needle Firing (i - inventory. (,) - cycle):
e - a poisoned needle (quivered)
Press: ? - help, Shift-Dir - straight line, f/p - gnoll
Aim: a gnoll, wielding a spear (heavily wounded, poisoned)
You shoot a poisoned needle.
The poisoned needle hits the withered plant!
Found a red potion.
Found a glowing mace.
The gnoll looks more healthy.
The gnoll hits you but does no damage.
Found a scroll labeled NOCKIUGICA and a ring mail.
You are too injured to fight recklessly!
a - a +2 dagger (weapon)
The gnoll hits you from afar with a spear!
You die...

.........) ..# ##
......... ....# ..####
......... ..... g....##
...!...)##..### .....#
............... ####(..
..........##.# ..[....
.#....#.#.##.# ###...
##.. #.#g##.#######..#.
#..%#@......##......(.
#.......P(P..#.#.(†.#.
?.........._.....>.#.(..
[.......#.P.P......(.###
................##((.#
..............(......##.
..........%.####........
............. ##..(....
.........##...........


You could see a gnoll.

Vanquished Creatures
  2 adders (D:2)
  2 gnolls
  An ooze (D:1)
  A giant gecko (D:1)
  2 giant cockroaches (D:1)
  5 goblins (D:1)
  3 hobgoblins
  2 jackals (D:1)
  7 kobolds
  6 bats (D:1)
  8 rats (D:1)
39 creatures vanquished.

Notes
Turn   | Place    | Note
--------------------------------------------------------------
     0 | D:1      | kaze the Spriggan Assassin began the quest for the Orb.
     0 | D:1      | Reached XP level 1. HP: 10/10 MP: 2/2
    36 | D:1      | Reached skill level 6 in Stealth
   296 | D:1      | Reached XP level 2. HP: 15/15 MP: 3/3
   432 | D:1      | Reached skill level 7 in Stealth
   490 | D:1      | Reached XP level 3. HP: 18/18 MP: 4/4
  1208 | D:2      | Found a basalt altar of Yredelemnul.
  1262 | D:2      | Reached XP level 4. HP: 6/23 MP: 5/5
  1315 | D:2      | Slain by a gnoll

Action                   |  1- 3 |  4- 6 || total
-------------------------+-------+-------++-------
Melee: Dagger            |    89 |     5 ||    94
 Fire: Blowgun           |    20 |     5 ||    25
 Stab: Sleeping          |    13 |       ||    13
